 Dungeon Crawl Stone Soup version 0.19.5 (webtiles) character file.

380 greprep the Ruffian (level 6, -3/61 HPs)
             Began as a Troll Fighter on May 3, 2017.
             Was a Follower of Okawaru.
             Slain by Edmund
             ... wielding a +3 dire flail of crushing
              (9 damage)
             ... on level 4 of the Dungeon.
             The game lasted 00:09:57 (3290 turns).

greprep the Ruffian (Troll Fighter)                 Turns: 3290, Time: 00:09:58

Health: -3/61      AC:  8    Str: 27    XL:     6   Next: 46%
Magic:  4/5        EV:  9    Int:  4    God:    Okawaru [*.....]
Gold:   255        SH:  9    Dex:  9    Spells: 0 memorised, 5 levels left

rFire  . . .     SeeInvis .       - Unarmed
rCold  . . .     Gourm    +     a - +0 robe
rNeg   . . .     Faith    .     b - +0 shield
rPois  .         Spirit   .     (helmet restricted)
rElec  .         Reflect  .     (no cloak)
rCorr  .         Harm     .     (gloves unavailable)
MR     .....                    (boots unavailable)
Stlth  ++........               (no amulet)
                                w - ring of stealth
                                o - +3 ring of protection

@: flying, invisible
A: unfitting armour, claws 3, fast metabolism 3, gourmand, regeneration 1,
shaggy fur 1, tough skin 2
a: Heroism, Renounce Religion


You were on level 4 of the Dungeon.
You worshipped Okawaru.
Okawaru was aware of your devotion.
You were not hungry.

You visited 1 branch of the dungeon, and saw 4 of its levels.

You collected 255 gold pieces.

Inventory:

Armour
 a - a +0 robe (worn)
 b - a +0 shield (worn)
Jewellery
 o - a +3 ring of protection (left claw)
 w - a ring of stealth (right claw)
Wands
 n - a wand of disintegration (9/24)
 q - a wand of paralysis (19/24)
Scrolls
 e - 2 scrolls of magic mapping {unknown}
 f - 4 scrolls of enchant weapon {unknown}
 g - 2 scrolls of remove curse {unknown}
 h - a scroll of recharging {unknown}
 j - a scroll of blinking {unknown}
 l - 4 scrolls of identify {unknown}
 p - a scroll of immolation {unknown}
 t - a scroll of enchant armour {unknown}
 x - a scroll of amnesia {unknown}
Potions
 c - a potion of might
 i - a potion of agility {unknown}
 k - 2 potions of heal wounds {unknown}
 r - a potion of invisibility
 s - a potion of haste
 u - a potion of flight
Comestibles
 d - 4 bread rations
 m - 2 meat rations
 v - a beef jerky


   Skills:
 * Level 3.0 Fighting
 + Level 3.3 Dodging
 + Level 0.7 Stealth
 + Level 3.5 Shields
 + Level 4.6 Unarmed Combat


You had 5 spell levels left.
You didn't know any spells.

Dungeon Overview and Level Annotations

Branches:
Dungeon (4/15)
 Temple: D:4-7

Altars:
Okawaru
The Shining One

Shops:
D:4 *

Annotations:
D:4 Edmund


Innate Abilities, Weirdness & Mutations

You are too large for most types of armour.
You have claws for hands.
Your metabolism is lightning-fast.
You like to eat raw meat.
Your natural rate of healing is unusually fast.
You are covered in fur. (AC +1)
You have very tough skin. (AC +2)


Message History

Edmund hits you with a dire flail of crushing.
* * * LOW HITPOINT WARNING * * *
x2 You are too injured to fight recklessly!
You are too injured to fight recklessly!
Edmund hits you with a dire flail of crushing.
* * * LOW HITPOINT WARNING * * *
x2 You block Edmund's attack.
Edmund hits you with a dire flail of crushing.
* * * LOW HITPOINT WARNING * * *
x2 You feel like a meek peon again.
Edmund gestures with his flail.
Edmund hits you with a dire flail of crushing.
* * * LOW HITPOINT WARNING * * *
x2 It was a potion of flight.
You feel very buoyant.
You fly up into the air.
Edmund barely misses you.
It was a potion of invisibility.
You fade into invisibility!
Edmund hits you with a dire flail of crushing!
You die...

.........#.##...##########
######+#........<#........
#.#.#.#######.#######
#...#.### #.# #.......#
#.# #.§...≈.# #.#
#.......# #.# #...@...#
#.# #...@...## #.#
#.≈...#..# #.# #........#
#.# #...#.##.# #.#
#.#.#....# #.#######
#.#.#.#### #........
#[#...# #########
#.###################
#....................


You could see Edmund.

Vanquished Creatures
  2 hounds (D:4)
  An orc priest (D:3)
  Ijyb (D:2)
  A worker ant (D:4)
  A hound skeleton (D:4)
  Robin (D:2)
  4 gnolls (D:2)
  5 adders
  4 worms
  2 dart slugs (D:1)
  3 leopard geckos
  9 orcs
  2 ball pythons
  3 giant cockroaches (D:2)
  22 goblins
  14 hobgoblins
  4 jackals (D:1)
  10 kobolds
  2 quokkas (D:2)
  9 bats
  4 frilled lizards
  9 rats
113 creatures vanquished.

Notes
Turn   | Place    | Note
-------+----------+-------------------------------------------
     0 | D:1      | greprep the Troll Fighter began the quest for the Orb.
     0 | D:1      | Reached XP level 1. HP: 22/22 MP: 0/0
   153 | D:1      | Reached XP level 2. HP: 29/29 MP: 1/1
   495 | D:1      | Reached XP level 3. HP: 36/36 MP: 2/2
   822 | D:2      | Found an iron altar of Okawaru.
   827 | D:2      | Became a worshipper of Warmaster Okawaru
   831 | D:2      | Noticed Ijyb
   851 | D:2      | Killed Ijyb
   851 | D:2      | Reached skill level 3 in Unarmed Combat
   851 | D:2      | Reached XP level 4. HP: 31/44 MP: 3/3
  1051 | D:2      | Noticed Robin
  1244 | D:2      | Reached XP level 5. HP: 41/50 MP: 4/4
  1251 | D:2      | Killed Robin
  2528 | D:3      | Reached skill level 4 in Unarmed Combat
  2533 | D:3      | Found a glowing golden altar of the Shining One.
  2552 | D:3      | Reached * piety under Okawaru
  2552 | D:3      | Reached XP level 6. HP: 23/59 MP: 5/5
  3242 | D:4      | Found Midiad's Elemental Accessories.
  3268 | D:4      | Noticed Edmund
  3290 | D:4      | Slain by Edmund

Skill      XL: |  1  2  3  4  5  6 |
---------------+-------------------+-----
Dodging        | 3 |  3.3
Unarmed Combat | 3 4 |  4.6
Shields        | 3 |  3.5
Fighting       | 3 |  3.0
Stealth        | |  0.7

Action                   |  1- 3 |  4- 6 || total
-------------------------+-------+-------++-------
Melee: Unarmed           |    97 |   246 ||   343
Invok: Heroism           |       |     1 ||     1
  Use: Potion            |       |     2 ||     2
 Stab: Sleeping          |     1 |     5 ||     6
  Eat: Chunk             |     7 |    24 ||    31
Armor: Robe              |    30 |    51 ||    81
Dodge: Dodged            |    32 |    77 ||   109
Block: Shield            |    65 |   101 ||   166
